 Dungeon Crawl Stone Soup version 0.28-a0-1412-gf95308ed99 (webtiles) character file.

Game seed: 7990850187665326150

91 Cheeritup the Caller (level 4, -3/24 HPs)
             Began as a Tengu Summoner on Jan 7, 2022.
             Was a Follower of Qazlal.
             Slain by Sigmund (11 damage)
             ... on level 2 of the Dungeon.
             The game lasted 00:09:33 (1959 turns).

Cheeritup the Caller (Tengu Summoner)               Turns: 1959, Time: 00:09:33

Health: -3/24      AC:  2    Str:  8    XL:     4   Next: 59%
Magic:  5/8        EV: 12    Int: 17    God:    Qazlal [*.....]
Gold:   53         SH:  2    Dex: 15    Spells: 1/7 levels left

rFire   . . .      SeeInvis .   i - +0 halberd
rCold   . . .      Faith    .   (shield currently unavailable)
rNeg    . . .      Spirit   .   a - +0 robe
rPois   .          Reflect  .   (helmet restricted)
rElec   .          Harm     .   (no cloak)
rCorr   .          Rampage  .   (no gloves)
Will    .....                   (boots unavailable)
Stlth   ++........              (no amulet)
HPRegen 0.08/turn               (no ring)
MPRegen 0.11/turn               (no ring)

@: no status effects
A: beak, talons 3
a: Renounce Religion


You were on level 2 of the Dungeon.
You worshipped Qazlal.
Qazlal was aware of your devotion.
You visited 1 branch of the dungeon, and saw 3 of its levels.

You collected 53 gold pieces.

Inventory:

Hand Weapons
 b - a +2 vorpal fustibalus
 e - a +0 rapier
 i - a +0 halberd (weapon)
Missiles
 f - 52 stones
Armour
 a - a +0 robe (worn)
Magical Staves
 c - a staff of conjuration
Scrolls
 d - 3 scrolls of identify {unknown}
 g - a scroll of magic mapping {unknown}
 h - a scroll of blinking {unknown}


   Skills:
 * Level 0.3 Fighting
 * Level 1.2 Staves
 * Level 2.6 Dodging
 - Level 2.5 Stealth
 + Level 2.0 Spellcasting
 * Level 1.0 Conjurations
 * Level 6.1 Summonings
 - Level 0.2 Evocations


You had one spell level left.
You knew the following spells:

 Your Spells              Type           Power      Damage    Failure   Level
a - Summon Small Mammal   Summ           88%        N/A       1%          1
b - Call Imp              Summ           22%        N/A       2%          2
c - Call Canine Familiar  Summ           22%        N/A       4%          3

Your spell library contained the following spells:

 Spells                   Type           Power      Damage    Failure   Level
 Summon Guardian Golem    Hex/Summ       12%        N/A       17%         3
 Summon Lightning Spire   Summ/Air       12%        N/A       50%         4


Dungeon Overview and Level Annotations

Branches:
Dungeon (3/15)

Altars:
Qazlal

Annotations:
D:2 Sigmund


Innate Abilities, Weirdness & Mutations

You have a beak for a mouth.
You have claws for feet.


Message History

The kobold shouts!
The kobold throws a stone.
The stone hits you.
The bat moves out of view.
Fire: 53 stones
Press: ? - help, Q - select action, (/) - cycle Shift-Dir - straight line, f - kobold
Aim: a kobold, wielding a +0 whip and quivering stones (47% to hit)
You shoot a stone. The stone barely misses the kobold.
A rat comes into view.
The bat barely misses you.
The kobold throws a stone.
The stone closely misses you.
Really attack while wielding your +2 vorpal fustibalus? [Y]es or [N]o only, please.
Really attack while wielding your +2 vorpal fustibalus?
Okay, then.
You are now empty-handed.
Your crimson imp disappears in a puff of smoke!
i - a +0 halberd (weapon)
The bat hits you but does no damage.
You closely miss the rat. Your kick misses the rat. You peck the rat.
The rat is heavily wounded.
The bat closely misses you. The rat barely misses you.
The rat completely misses you. The kobold hits you with a +0 whip.
You closely miss the rat. Your peck misses the rat.
The rat is heavily wounded.
The rat bites you. The kobold hits you with a +0 whip.
* * * LOW HITPOINT WARNING * * *
A puff of flame appears from out of thin air!
The puff of flame hits your hound!
Your hound dies!
Your hound's corpse disappears in a puff of smoke!
You hit the rat.
You kill the rat!
Qazlal accepts your kill. The kobold closely misses you. x2
A frilled lizard and a goblin come into view.
Casting: Call Canine Familiar (quite dangerous; 4% risk of failure)
Confirm with . or Enter, or press ? or * to list all spells.
A beastly little devil appears in a puff of frigid air.
The goblin shouts!
You hear an angry hiss.
Something hits you!
You die...

...# ## ...( #. ...#
###(. #.. .....#### .
#.. ........# ..g #.#
###...#b###..... #{#
#......K@.5.....
####.#
#.#...#.###....l
.....# #.##.##{# ...
####.# #.##.##.# .
#.####.##.##.#
#.....h......#
#.####.##.#### #######
#.####.##.# ##.......
###..........####....#


You could see a goblin, a bat, a kobold (ally target), a frilled lizard and a
friendly white imp (summoned).

Vanquished Creatures
  A gnoll (D:2)
  3 dart slugs (D:1)
  2 ball pythons (D:1)
  4 bats (D:1)
  3 endoplasms
  2 giant cockroaches (D:1)
  2 goblins (D:1)
  2 hobgoblins (D:1)
  2 kobolds
  2 quokkas
  A frilled lizard (D:1)
  4 rats
28 creatures vanquished.

Vanquished Creatures (collateral kills)
  Natasha (D:2)
  2 gnolls (D:2)
  A rat (D:1)
4 creatures vanquished.

Grand Total: 32 creatures vanquished

Notes
Turn   | Place    | Note
-------+----------+-------------------------------------------
     0 | D:1      | Cheeritup the Tengu Summoner began the quest for the Orb.
     0 | D:1      | Reached XP level 1. HP: 10/10 MP: 4/4
    45 | D:1      | Reached skill level 5 in Summonings
   179 | D:1      | Reached XP level 2. HP: 11/15 MP: 4/6
   305 | D:1      | Found a faded altar of an unknown god.
   325 | D:1      | Prayed at the altar of an unknown god.
   325 | D:1      | Became a worshipper of Qazlal Stormbringer
   325 | D:1      | Reached * piety under Qazlal
   715 | D:1      | You fall into a shaft and drop 1 floor!
   723 | D:2      | Identified a scroll of acquirement
   723 | D:2      | Acquired a +2 vorpal fustibalus
   746 | D:2      | Acquired a staff of conjuration
   905 | D:1      | Reached XP level 3. HP: 13/19 MP: 7/7
  1017 | D:1      | Learned a level 2 spell: Call Imp
  1021 | D:1      | Learned a level 3 spell: Call Canine Familiar
  1558 | D:2      | Reached skill level 1 in Staves
  1781 | D:2      | Reached skill level 6 in Summonings
  1781 | D:2      | Reached XP level 4. HP: 24/24 MP: 8/8
  1881 | D:2      | Noticed Natasha
  1889 | D:2      | Killed Natasha
  1890 | D:2      | Reached skill level 1 in Conjurations
  1928 | D:2      | Noticed Sigmund
  1959 | D:2      | Slain by Sigmund

Illustrated notes

Levels and vault maps discovered:
D:1:      moated_graveyard_arrival, layout_basic,
          chequers_ecumenical_altar_island, kennysheep_decorative_pillar
D:2:      layout_loops_ring, basic_altar, minmay_3d_cube, uniq_terence,
          uniq_natasha, uniq_sigmund
D:3:      layout_rooms, minmay_misc_feat_ornament

Skill      XL: |  1  2  3  4 |
---------------+-------------+-----
Summonings     | 5 6 |  6.1
Staves         | 1 |  1.2
Conjurations   | 1 |  1.0
Fighting       | |  0.3
Dodging        | |  2.6
Stealth        | |  2.5
Spellcasting   | |  2.0
Evocations     | |  0.2

Action                   |  1- 3 |  4- 6 || total
-------------------------+-------+-------++-------
Melee: Unarmed           |    34 |       ||    34
       Kick              |    20 |     1 ||    21
       Peck              |    10 |     3 ||    13
       Rapier            |    34 |     5 ||    39
       Fustibalus        |     1 |       ||     1
       Halberd           |       |     5 ||     5
 Fire: Fustibalus        |       |     2 ||     2
 Cast: Summon Small Mamm |     4 |       ||     4
       Call Imp          |     1 |     2 ||     3
       Call Canine Famil |     1 |     2 ||     3
  Use: Scroll            |     2 |       ||     2
 Stab: Sleeping          |     2 |       ||     2
Armor: Robe              |    13 |     1 ||    14
Dodge: Dodged            |    38 |    12 ||    50
Block: Other             |     5 |     1 ||     6

Table legend: (Time is in decaauts)
 A = Elapsed time spent in this place.
 B = Non-inter-level travel time spent in this place.
 C = Inter-level travel time spent in this place.
 D = Time resting spent in this place.
 E = Time spent auto-exploring this place.
 F = Levels seen in this place.
 G = Mean time per level.
                   A        B        C        D        E       F      G
               +--------+--------+--------+--------+--------+-----+--------+
         Total |   1973 |   1952 |     21 |    554 |    953 |   3 |  657.7 |
       Dungeon |   1973 |   1952 |     21 |    554 |    953 |   3 |  657.7 |
               +--------+--------+--------+--------+--------+-----+--------+

Top non-repeatable levels by time:
     D:1: 1444 daAuts
     D:2: 327 daAuts
     D:3: 201 daAuts
